 Dungeon Crawl Stone Soup version 0.31-a0-460-g9e667d4245 (webtiles) character file.

Game seed: 9999683808287347861

4258 Ofeo the Fighter (level 10, -3/86 HPs)
             Began as a Demonspawn Shapeshifter on Aug 4, 2023.
             Was an Initiate of Gozag.
             Slain by a two-headed ogre
             ... wielding a +0 giant club
              (28 damage)
             ... on level 8 of the Dungeon.
             The game lasted 00:14:57 (10107 turns).

Ofeo the Fighter (Demonspawn Shapeshifter)         Turns: 10107, Time: 00:14:58

Health: -3/86      AC: 12    Str: 34    XL:     10   Next: 10%
Magic:  10/10      EV: 13    Int: 14    God:    Gozag
Gold:   764        SH:  0    Dex: 13    Spells: 9/9 levels left

rFire   . . .        D - +1 whip (venom)
rCold   . . .        (no shield)
rNeg    . . .        A - +4 scale mail of the Swan {Str+4}
rPois   .            (helmet currently unavailable)
rElec   .            (cloak currently unavailable)
rCorr   .            (gloves currently unavailable)
SInv    .            (boots currently unavailable)
Will    .....        (no amulet) Stlth
                     v - +6 ring of strength
HPRegen 0.34/turn    E - +6 ring of intelligence
MPRegen 0.12/turn

%: no passive effects
@: beast-form
A: beast (slay +4), rugged brown scales 2, spiny 1, demonic touch 2, strong 1
a: Begin Untransformation, Renounce Religion, Potion Petition, Call Merchant,
Bribe Branch


You were on level 8 of the Dungeon.
You worshipped Gozag.
Gozag was pleased with you.
You were a hulking beast.
You visited 2 branches of the dungeon, and saw 9 of its levels.
You also visited: Sewer.

You collected 1069 gold pieces.
You spent 225 gold pieces at shops.
You paid 80 gold pieces to Gozag.

Inventory:

Hand Weapons
 a - a +1 morningstar
 D - a +1 whip of venom (weapon)
Missiles
 o - 5 silver javelins
Armour
 A - the +4 scale mail of the Swan (worn) {Str+4}
   (You bought it in a shop on level 6 of the Dungeon)

   Str:       It affects your strength (+4).
Jewellery
 v - a +6 ring of strength (left hand)
 E - a +6 ring of intelligence (right hand)
Talismans
 c - a beast talisman (active)
 p - a talisman of death
Wands
 k - a wand of light (9)
 m - a wand of mindburst (32)
 r - a wand of iceblast (15) {@v4}
 x - a wand of flame (39)
 y - a wand of paralysis (18)
 z - a wand of digging (12) {@v1}
Scrolls
 b - a scroll of blinking {unknown}
 d - 4 scrolls of fear
 f - 8 scrolls of teleportation {@r3}
 g - a scroll of enchant armour
 i - a scroll of identify {@r1}
 j - 3 scrolls of amnesia {unknown}
 n - 4 scrolls of enchant weapon
 s - a scroll of fog
 t - a scroll of butterflies
 u - 2 scrolls of noise
 w - a scroll of revelation
 C - a scroll of poison
Potions
 e - a potion of degeneration {unknown}
 h - a potion of heal wounds {@q2}
 l - a potion of ambrosia
 q - 4 potions of curing {@q1}
 B - 2 potions of brilliance
 F - a potion of magic {unknown}


   Skills:
 + Level 8.6 Fighting
 + Level 0.2 Maces & Flails
 + Level 7.9 Dodging
 - Level 2.8 Unarmed Combat
 + Level 7.0 Shapeshifting


You had 9 spell levels left.
You didn't know any spells.
Your spell library contained the following spells:

 Spells                   Type           Power      Damage    Failure   Level
 Apportation              Tloc           0%         N/A       50%         1
 Freeze                   Ice            0%         1d3       50%         1
 Necrotise                Necr           0%         1d4       50%         1
 Sandblast                Erth           0%         2d4       50%         1
 Summon Small Mammal      Summ           0%         N/A       50%         1
 Passwall                 Tmut/Erth      0%         N/A       65%         2
 Frozen Ramparts          Ice            0%         1d1       86%         3
 Gell's Gravitas          Tloc           0%         N/A       86%         3
 Hailstorm                Conj/Ice       0%         3d3       86%         3
 Stone Arrow              Conj/Erth      0%         3d7       86%         3
 Teleport Other           Tloc           0%         N/A       86%         3
 Dispersal                Tloc           0%         N/A       100%        6


Dungeon Overview and Level Annotations

Branches:
Dungeon (8/15)             Temple (1/1) D:5           Sewer (visited)
   Lair: D:8-11

Altars:
Ashenzari
Cheibriados
Dithmenos
Fedhas
Gozag
Hepliaklqana
Kikubaaqudgha
Makhleb
Nemelex Xobeh
Okawaru
Qazlal
Ru
Sif Muna
Trog
Uskayaw
Vehumet
Wu Jian
Xom
Yredelemnul

Shops:
D:6 [   D:8 [


Innate Abilities, Weirdness & Mutations

You are a hulking beast.
Your limbs bulge with bestial killing power. (Slay +4)
You are mostly covered in rugged brown scales. (AC +2, +5% HP)
You are partially covered in sharp spines.
Your touch may inflict irresistible damage on your foes.
Your muscles are strong. (Str +4, Int/Dex -1)


Message History

Health restored: 86
F - an inky potion
Found a stone staircase leading down.
You now have 764 gold pieces (gained 6).
Things that are here:
a +0 club; a +0 ring mail
Things that are here:
a +0 club; a +0 ring mail
Things that are here:
a +0 club; 3 boomerangs; a +0 chain mail A two-headed ogre comes into view.
It is wielding two +0 giant clubs.
Found 16 gold pieces.
The two-headed ogre shouts in stereo!
You feel clever.
E - a +6 ring of intelligence (right hand)
You barely miss the two-headed ogre.
The two-headed ogre hits you with a +0 giant club!
The two-headed ogre hits you with a +0 giant club.
You take 9 damage, and have 77/86 hp.
You hit the two-headed ogre but do no damage.
The two-headed ogre is poisoned.
The two-headed ogre hits you with a +0 giant club!
The two-headed ogre closely misses you.
You take 8 damage, and have 69/86 hp.
You barely miss the two-headed ogre.
You touch the two-headed ogre!
The two-headed ogre is lightly wounded.
You barely miss the two-headed ogre.
The two-headed ogre is lightly wounded.
The two-headed ogre hits you with a +0 giant club!
The two-headed ogre hits you with a +0 giant club!!
You take 30 damage, and have 40/86 hp.
MASSIVE DAMAGE!!
You hit the two-headed ogre.
The two-headed ogre looks as sick as possible!
The two-headed ogre is moderately wounded.
The two-headed ogre is struck by your spines.
The two-headed ogre hits you with a +0 giant club!
* * * LOW HITPOINT WARNING * * *
The two-headed ogre hits you with a +0 giant club!!
You die...
Your body crumbles into a pile of gold.

.###............####
##
#.................##
#
#..................##
#
#...................#
#
##..................#
##.................#
####..............#
#............$.#
##......hO....#
##..........##
############


You could see a two-headed ogre (extremely poisoned).

Vanquished Creatures
  A two-headed ogre (D:8)
  Maggie (D:7)
  2 slime creatures (D:7)
  Sigmund (D:2)
  A vampire (D:7)
  A steam dragon (D:7)
  2 water moccasins
  3 sky beasts
  3 ice beasts
  An orc warrior (D:8)
  3 ogres
  2 centaurs
  A kobold brigand (D:7)
  3 bullfrogs
  A scorpion (D:6)
  A gnoll sergeant (D:8)
  4 orc priests
  2 gnoll boudas (D:7)
  6 hounds
  2 sleepcaps (D:7)
  An iguana (D:6)
  5 orc wizards
  Ijyb (D:4)
  10 gnolls
  2 river rats (D:4)
  8 adders
  3 shadow imps
  2 white imps
  3 worms
  A dart slug (D:1)
  32 orcs
  6 ball pythons
  6 bats
  7 endoplasms
  2 giant cockroaches
  8 hobgoblins
  7 jackals
  6 quokkas
  2 frilled lizards (D:1)
  7 goblins
  6 kobolds
  4 rats
170 creatures vanquished.

Notes
Turn   | Place    | Note
-------+----------+-------------------------------------------
     0 | D:1      | Ofeo the Demonspawn Shapeshifter began the quest for the
                  | Orb.
     0 | D:1      | Reached XP level 1. HP: 15/15 MP: 1/1
   276 | D:1      | Gained mutation: You are partially covered in rugged brown
                  | scales. (AC +1, +3% HP) [demonic ancestry]
   276 | D:1      | Reached XP level 2. HP: 15/21 MP: 2/2
   589 | D:1      | You fall into a shaft and drop 1 floor!
   604 | D:2      | Noticed Sigmund
   613 | D:2      | Killed Sigmund
   614 | D:2      | Reached skill level 3 in Fighting
   614 | D:2      | Gained mutation: You are mostly covered in rugged brown
                  | scales. (AC +2, +5% HP) [demonic ancestry]
   614 | D:2      | Reached XP level 3. HP: 28/30 MP: 3/3
   614 | D:2      | Reached XP level 4. HP: 34/36 MP: 4/4
   614 | D:2      | Gained mutation: You are partially covered in sharp spines.
                  | [demonic ancestry]
   614 | D:2      | Reached XP level 5. HP: 40/43 MP: 5/5
  2001 | D:3      | Gained mutation: Your muscles are strong. (Str +4, Int/Dex
                  | -1) [potion of mutation]
  2005 | D:3      | Gained mutation: Your touch may inflict minor irresistible
                  | damage on your foes. [demonic ancestry]
  2005 | D:3      | Reached XP level 6. HP: 17/49 MP: 6/6
  2485 | D:3      | Found a faded altar of an unknown god.
  2945 | D:4      | Found a shadowy altar of Dithmenos.
  3342 | D:4      | Found a glowing drain.
  3357 | Sewer    | Entered a sewer
  3425 | Sewer    | Noticed a water moccasin
  3432 | Sewer    | Killed a water moccasin
  3433 | Sewer    | Reached skill level 4 in Fighting
  3756 | D:4      | Noticed Ijyb
  3765 | D:4      | Killed Ijyb
  3766 | D:4      | Reached XP level 7. HP: 51/56 MP: 7/7
  3795 | D:4      | Found a bloodstained altar of Trog.
  3845 | D:4      | Found an ancient bone altar of Kikubaaqudgha.
  4052 | D:4      | Found a broken altar of Ashenzari.
  4052 | D:4      | Found a shimmering altar of Xom.
  4062 | D:4      | Found a burning altar of Makhleb.
  4231 | D:5      | Entered Level 5 of the Dungeon
  4342 | D:5      | Found a staircase to the Ecumenical Temple.
  4440 | Temple   | Entered the Ecumenical Temple
  4479 | Temple   | Became a worshipper of Gozag Ym Sagoz the Greedy
  4812 | D:5      | Found a blossoming altar of Fedhas.
  4812 | D:5      | Found an iron altar of Okawaru.
  5261 | D:5      | Reached skill level 5 in Fighting
  5544 | D:6      | Reached skill level 5 in Dodging
  5664 | D:6      | Reached XP level 8. HP: 65/65 MP: 8/8
  5726 | D:6      | Found a basalt altar of Yredelemnul.
  6066 | D:6      | Reached skill level 5 in Shapeshifting
  6248 | D:6      | Found Inaix's Antique Armour Shop.
  6255 | D:6      | Bought a slimy scale mail for 225 gold pieces
  6255 | D:6      | Identified the +4 scale mail of the Swan {Str+4} (You
                  | bought it in a shop on level 6 of the Dungeon)
  6478 | D:6      | Reached skill level 6 in Fighting
  6839 | D:7      | Noticed Maggie
  6854 | D:7      | Killed Maggie
  7200 | D:7      | Reached XP level 9. HP: 49/74 MP: 9/9
  7210 | D:7      | Reached skill level 7 in Fighting
  8829 | D:7      | Reached skill level 8 in Fighting
  9056 | D:8      | Found Esutuh's Armour Shop.
  9062 | D:8      | Noticed a two-headed ogre
  9078 | D:8      | Killed a two-headed ogre
  9079 | D:8      | Gained mutation: Your touch may inflict irresistible damage
                  | on your foes. [demonic ancestry]
  9079 | D:8      | Reached XP level 10. HP: 43/86 MP: 10/10
  9371 | D:8      | Identified the +1 ring mail of the Watchman {rN+ Str+3}
 10099 | D:8      | Noticed a two-headed ogre
 10107 | D:8      | Slain by a two-headed ogre

Illustrated notes

Levels and vault maps discovered:
D:1:      dpeg_arrival_boxorama, layout_rooms, minmay_ruptured
D:2:      layout_loops_ring, kennysheep_generic_room_11, uniq_sigmund
D:3:      layout_loops_ring, ebering_ecumenical_altar_webs,
          chequers_serial_rivers_micro_c
D:4:      nicolae_cairo_tiling_very_big, layout_loops_cross,
          nicolae_kikubaaqudgha_miasma_corner, trog_book,
          chequers_temple_overflow_minitemple,
          nicolae_dithmenos_through_a_glass_darkly, serial_glass,
          glass_columns_a, glass_columns_c, glass_columns_c, glass_columns_b,
          glass_columns_a, glass_columns_b, glass_columns_c, glass_columns_a,
          glass_columns_b, glass_columns_a, portal_sewer_entry_b, st_stairs_1,
          uniq_ijyb
D:5:      layout_basic, gammafunk_temple_overflow_elements, temple_pool_b,
          minmay_misc_feat_alley
D:6:      layout_loops_corners, mainiacjoe_overflow_brackets, minivault_27,
          kennysheep_small_circle
D:7:      minmay_opposing_rooms, layout_layer_cave, nicolae_figureground_pulse,
          uniq_maggie
D:8:      layout_rooms, serial_shops, nicolae_shop_scrapyard,
          hangedman_decor_diamond_cutter
Temple:   jpeg_temple_clearing

Skill      XL: |  1  2  3  4  5  6  7  8  9 10 |
---------------+-------------------------------+-----
Dodging        | 2 3 4 5 6 7 |  7.9
Fighting       | 3 4 5 6 8 |  8.6
Shapeshifting  | 3 4 5 6 7 |  7.0
Maces & Flails | |  0.2
Unarmed Combat | |  2.8

Action                     |  1- 3 |  4- 6 |  7- 9 | 10-12 || total
---------------------------+-------+-------+-------+-------++-------
  Melee: Unarmed           |    51 |    73 |       |       ||   124
         Punch             |     1 |     1 |     8 |       ||    10
         Dagger            |       |    34 |   217 |    24 ||   275
         Touch             |       |    13 |    55 |     9 ||    77
         Whip              |       |       |       |     9 ||     9
  Evoke: Wand              |       |       |     1 |       ||     1
    Use: Potion            |     1 |     1 |     1 |       ||     3
         Scroll            |       |       |       |    14 ||    14
   Stab: Sleeping          |     1 |     2 |       |       ||     3
         Distracted        |       |       |       |     1 ||     1
 Armour: Animal skin       |     7 |    22 |       |       ||    29
         Skin              |     2 |       |       |       ||     2
         Leather armour    |       |       |    17 |       ||    17
         Scale mail        |       |       |    51 |    14 ||    65
  Dodge: Dodged            |    28 |    71 |   113 |    20 ||   232
   Form: Death             |       |     1 |       |       ||     1
         Beast             |       |     1 |       |       ||     1

Table legend: (Time is in decaauts)
 A = Elapsed time spent in this place.
 B = Non-inter-level travel time spent in this place.
 C = Inter-level travel time spent in this place.
 D = Time resting spent in this place.
 E = Time spent auto-exploring this place.
 F = Levels seen in this place.
 G = Mean time per level.
                   A        B        C        D        E       F      G
               +--------+--------+--------+--------+--------+-----+--------+
         Total |  10126 |   9699 |    427 |    875 |   7370 |  10 | 1012.6 |
       Dungeon |   9781 |   9403 |    378 |    716 |   7285 |   8 | 1222.6 |
        Temple |     50 |      1 |     49 |      0 |      0 |   1 |   50.0 |
         Sewer |    294 |    294 |      0 |    159 |     84 |   1 |  294.0 |
               +--------+--------+--------+--------+--------+-----+--------+

Top non-repeatable levels by time:
     D:7: 2361 daAuts
     D:6: 1343 daAuts
     D:5: 1228 daAuts
     D:3: 1077 daAuts
     D:4: 1049 daAuts
     D:2: 1038 daAuts
     D:8: 898 daAuts
     D:1: 783 daAuts
   Sewer: 294 daAuts
  Temple: 50 daAuts
